 Dungeon Crawl Stone Soup version 0.29.1-1-gd02db6906a (webtiles) character file.

Game seed: 18373124233799405633

5175 xian the Severer (level 10, -2/86 HPs)
             Began as a Grey Draconian Gladiator on Sept 30, 2022.
             Was a Believer of Okawaru.
             Slain by a yak (5 damage)
             ... while petrified by a basilisk
             ... on level 8 of the Dungeon.
             The game lasted 00:23:02 (6816 turns).

xian the Severer (Grey Draconian Gladiator)         Turns: 6816, Time: 00:23:02

Health: -2/86      AC: 16    Str: 18    XL:     10   Next: 34%
Magic:  10/10      EV:  2    Int:  8    God:    Okawaru [**....]
Gold:   191        SH:  0    Dex: 14    Spells: 9/9 levels left

rFire   . . .      SeeInvis +   D - +5 battleaxe of Chagrin {freeze, +Blink rCorr Str-2 SInv}
rCold   . . .      Faith    .   (shield currently unavailable)
rNeg    + + +      Spirit   .   (body armour unavailable)
rPois   ∞          Reflect  .   b - +1 hat
rElec   .          Harm     .   a - +0 cloak
rCorr   +          Rampage  .   e - +1 pair of gloves
Will    .....                   (no boots)
Stlth   ++........              p - amulet of regeneration
HPRegen 1.04/turn               (no ring)
MPRegen 0.12/turn               (no ring)

@: lethally poisoned (-2 -> -2), petrified
A: AC +12, amphibious, unfitting armour, cold-blooded
a: Renounce Religion, Evoke Blink, Heroism


You were on level 8 of the Dungeon.
You worshipped Okawaru.
Okawaru was pleased with you.
You visited 2 branches of the dungeon, and saw 9 of its levels.
You also visited: Sewer and Ossuary.

You collected 444 gold pieces.
You spent 253 gold pieces at shops.

Inventory:

Hand Weapons
 d - a +3 vorpal executioner's axe
 D - the +5 battleaxe of Chagrin (weapon) {freeze, +Blink rCorr Str-2 SInv}
   (You bought it in a shop on level 7 of the Dungeon)

   It freezes those it strikes, dealing additional cold damage.
   It can also slow down cold-blooded creatures.
   Str:       It affects your strength (-2).
   SInv:      It lets you see invisible.
   +Blink:    It lets you blink.
   rCorr:     It protects you from acid and corrosion.
Missiles
 c - 2 throwing nets
 f - 11 javelins (quivered)
 v - 5 poisoned darts
Armour
 a - a +0 cloak (worn)
 b - a +1 hat (worn)
 e - a +1 pair of gloves (worn)
Magical Staves
 t - a staff of conjuration
Jewellery
 p - an amulet of regeneration (around neck)
Wands
 j - a wand of light (18)
 m - a wand of polymorph (12)
 u - a wand of charming (15)
 C - a wand of roots (10)
Scrolls
 h - 2 scrolls of fog
 l - 2 scrolls of poison
 n - 3 scrolls of blinking
 y - 2 scrolls of magic mapping
 A - a scroll of amnesia
 E - a scroll of identify
Potions
 g - 2 potions of might
 i - 3 potions of resistance {unknown}
 k - 3 potions of heal wounds {unknown}
 o - 2 potions of brilliance
 q - a potion of mutation {unknown}
 r - 3 potions of cancellation
 s - a potion of haste
 w - 2 potions of curing
 x - 2 potions of invisibility
 z - a potion of flight
Miscellaneous
 B - a phantom mirror


   Skills:
 + Level 7.2 Fighting
 + Level 15.3 Axes
 + Level 2.6 Throwing
 + Level 6.4 Dodging
 + Level 3.3 Stealth
 + Level 0.3 Evocations


You had 9 spell levels left.
You didn't know any spells.
Your spell library contained the following spells:

 Spells                   Type           Power      Damage    Failure   Level
 Shock                    Conj/Air       0%         1d3       41%         1
 Dazzling Flash           Conj/Hex       0%         N/A       78%         3
 Gell's Gravitas          Tloc           0%         N/A       78%         3
 Lesser Beckoning         Tloc           0%         N/A       78%         3
 Swiftness                Air            0%         N/A       78%         3
 Teleport Other           Tloc           0%         N/A       78%         3
 Airstrike                Air            0%         2d(0-16)  99%         4
 Agony                    Necr           0%         N/A       100%        5
 Silence                  Hex/Air        0%         N/A       100%        5


Dungeon Overview and Level Annotations

Branches:
Dungeon (8/15)             Temple (1/1) D:7           Sewer (visited)
Ossuary (visited)
   Lair: D:8-11

Altars:
Ashenzari
Cheibriados
Gozag
Makhleb
Nemelex Xobeh
Okawaru
Qazlal
Trog
Uskayaw
Wu Jian
Xom
Yredelemnul
Zin

Shops:
D:7 (((((

Annotations:
D:6 3 runed translucent doors, TheBeaver's ghost, weakling DsDe


Innate Abilities, Weirdness & Mutations

Your dull iron-grey scales are very hard. (AC +12)
You are amphibious.
You cannot fit into any form of body armour.
You are cold-blooded and may be slowed by cold attacks.


Message History

The basilisk attacks as you move away! The basilisk bites you.
You feel very sick. The water moccasin closely misses you.
The yak gores you but does no damage. The water moccasin bites you.
The yak closely misses you.
The basilisk bites you but does no damage.
The yak barely misses you.
Your limbs are stiffening.
There is a stone staircase leading up here.
You feel sick. The water moccasin barely misses you. The yak gores you!
The basilisk barely misses you. The yak gores you.
* * * LOW HITPOINT WARNING * * *
The water moccasin bites you.
* * * LOW HITPOINT WARNING * * *
You have turned to stone.
You stop ascending the stairs.
The water moccasin bites you but does no damage.
The yak barely misses you.
An orc comes into view. It is wielding a +0 hand axe.
An orc wizard comes into view.
It is wielding a +0 dagger and carrying a wand of roots (8).
The yak gores you!
* * * LOW HITPOINT WARNING * * *
The basilisk gazes at you. You resist with some effort.
The water moccasin bites you but does no damage.
The yak gores you!
* * * LOW HITPOINT WARNING * * *
The basilisk gazes at you. The yak gores you!
* * * LOW HITPOINT WARNING * * *
The water moccasin bites you but does no damage.
The yak gores you!
* * * LOW HITPOINT WARNING * * *
The basilisk bites you.
* * * LOW HITPOINT WARNING * * *
The yak gores you.
* * * LOW HITPOINT WARNING * * *
The water moccasin bites you but does no damage.
The orc shouts!
The water moccasin bites you.
* * * LOW HITPOINT WARNING * * *
The yak gores you!
You die...

#......#
###
#......#...
#......#.#
#....†...#
#.....<#
#....††#
#....oY#
#...YSl#
#..YYY@#
......YY##
..PoP.##.
.P.P.. .
...P.. .#
....( ..
..... .#


You could see 7 yaks, a basilisk, a water moccasin and 2 orcs.

Vanquished Creatures
  A troll (D:6)
  A hornet (D:7)
  Grinder (D:4)
  A shadow (D:7)
  2 yaks (D:8)
  2 wyverns (D:8)
  2 water moccasins (D:8)
  Duvessa (D:4)
  4 ice beasts
  An orc warrior (D:7)
  A black bear (D:6)
  A sky beast (D:7)
  2 ogres (D:5)
  3 centaurs
  2 phantoms (D:6)
  Blork the orc (D:5)
  3 elf zombies (Ossuary)
  4 bullfrogs
  5 scorpions
  4 necrophages
  Dowan (D:4)
  A howler monkey (D:6)
  4 centaur zombies (Ossuary)
  2 orc priests
  3 hounds
  4 jellies
  5 human zombies (Ossuary)
  3 iguanas
  Ijyb (D:3)
  2 orc wizards
  3 mummies (Ossuary)
  6 gnolls
  12 adders
  4 river rats
  3 white imps (D:6)
  An ufetubus (D:6)
  4 worms
  2 dart slugs
  14 orcs
  26 ball pythons
  6 endoplasms
  4 giant cockroaches
  5 goblins
  11 hobgoblins
  6 quokkas
  4 bats
  9 frilled lizards
  6 kobolds
  36 rats
230 creatures vanquished.

Vanquished Creatures (collateral kills)
  A gnoll bouda (D:5)
  3 gnolls (D:5)
  A worm (D:4)
5 creatures vanquished.

Vanquished Creatures (others)
  A bush (D:8)
  A fungus (D:8)
  10 plants (D:8)
12 creatures vanquished.

Grand Total: 247 creatures vanquished

Notes
Turn   | Place    | Note
-------+----------+-------------------------------------------
     0 | D:1      | xian the Draconian Gladiator began the quest for the Orb.
     0 | D:1      | Reached XP level 1. HP: 17/17 MP: 1/1
   450 | D:1      | Reached XP level 2. HP: 24/24 MP: 2/2
   622 | D:1      | Found a faded altar of an unknown god.
   884 | D:1      | Reached XP level 3. HP: 30/30 MP: 3/3
  1283 | D:2      | Reached skill level 4 in Axes
  1595 | D:2      | Identified the +5 ring mail "Ipnok" {-Tele Regen+ Str+2
                  | Dex+2}
  1701 | D:2      | Reached XP level 4. HP: 37/37 MP: 4/4
  1905 | D:3      | Found an opulent altar of Gozag.
  1940 | D:3      | Found a sparkling altar of Nemelex Xobeh.
  2270 | D:3      | Noticed Ijyb
  2290 | D:3      | Killed Ijyb
  2341 | D:3      | Noticed a scorpion
  2349 | D:3      | Killed a scorpion
  2350 | D:3      | Reached skill level 1 in Stealth
  2350 | D:3      | Reached XP level 5. HP: 27/45 MP: 5/5
  2531 | D:4      | Noticed Duvessa
  2532 | D:4      | Reached skill level 5 in Axes
  2554 | D:4      | Killed Duvessa
  2555 | D:4      | Reached XP level 6. HP: 45/51 MP: 6/6
  2555 | D:4      | Noticed Dowan
  2574 | D:4      | Killed Dowan
  2646 | D:4      | Noticed Grinder
  2654 | D:4      | Paralysed by Grinder for 3 turns
  2670 | D:4      | Paralysed by Grinder for 3 turns
  2680 | D:4      | Killed Grinder
  2681 | D:4      | Your scales start taking on a dull iron-grey colour.
  2681 | D:4      | Reached XP level 7. HP: 13/59 MP: 7/7
  2775 | D:4      | Reached skill level 6 in Axes
  2818 | D:4      | Found a sand-covered staircase.
  2825 | Ossuary  | Entered an ossuary
  2861 | Ossuary  | Identified 2 scrolls of acquirement
  2861 | Ossuary  | Acquired a manual of Axes
  2875 | Ossuary  | Acquired a +2 vorpal executioner's axe
  2951 | Ossuary  | Reached skill level 7 in Axes
  3007 | Ossuary  | Reached skill level 8 in Axes
  3008 | Ossuary  | Reached XP level 8. HP: 67/67 MP: 8/8
  3028 | Ossuary  | Reached skill level 9 in Axes
  3461 | D:5      | Entered Level 5 of the Dungeon
  3578 | D:5      | Reached skill level 5 in Fighting
  3580 | D:5      | Reached skill level 10 in Axes
  3993 | D:5      | Noticed Blork the orc
  4005 | D:5      | Killed Blork the orc
  4006 | D:5      | Reached skill level 11 in Axes
  4006 | D:5      | Reached skill level 5 in Dodging
  4385 | D:6      | Reached XP level 9. HP: 74/74 MP: 9/9
  4510 | D:6      | Found a glowing silver altar of Zin.
  4544 | D:6      | Found a glowing drain.
  4552 | Sewer    | Entered a sewer
  4702 | Sewer    | Reached skill level 12 in Axes
  5021 | D:6      | Found a runed translucent gate.
  5022 | D:6      | Found a runed translucent gate.
  5022 | D:6      | Noticed TheBeaver's ghost (weakling DsDe)
  5023 | D:6      | Found a runed translucent gate.
  5565 | D:6      | Noticed a troll
  5573 | D:6      | Killed a troll
  5574 | D:6      | Reached skill level 13 in Axes
  5807 | D:7      | Found Adirylup's Antique Weapon Boutique.
  5815 | D:7      | Reached skill level 14 in Axes
  5855 | D:7      | Found a staircase to the Ecumenical Temple.
  5864 | Temple   | Entered the Ecumenical Temple
  5919 | Temple   | Became a worshipper of Warmaster Okawaru
  5973 | D:7      | Found a stormy altar of Qazlal.
  6065 | D:7      | Found Kanenne's Antique Weapon Shop.
  6073 | D:7      | Paralysed by a hornet for 3 turns
  6133 | D:7      | Found Makugis's Antique Weapon Emporium.
  6135 | D:7      | Reached * piety under Okawaru
  6136 | D:7      | Reached XP level 10. HP: 75/84 MP: 10/10
  6378 | D:7      | Found Wurche Fosty's Weapon Emporium.
  6648 | D:7      | Found Gena's Antique Weapon Shoppe.
  6658 | D:7      | Bought an ichor-stained battleaxe for 253 gold pieces
  6658 | D:7      | Identified the +5 battleaxe of Chagrin {freeze, +Blink
                  | rCorr Str-2 SInv} (You bought it in a shop on level 7 of
                  | the Dungeon)
  6771 | D:8      | Reached skill level 15 in Axes
  6806 | D:8      | Reached ** piety under Okawaru
  6815 | D:8      | HP: 3/86 [yak (2)]
  6816 | D:8      | Slain by a yak

Illustrated notes

Levels and vault maps discovered:
D:1:      co_arrival_random_square_maze, layout_basic,
          ebering_ecumenical_altar_box
D:2:      layout_rooms
D:3:      layout_loops_ring, mainiacjoe_overflow_24_doors,
          mainiacjoe_overflow_cross_hatched, uniq_ijyb
D:4:      layout_cave_pools, enter_ossuary_5, uniq_duvessa, uniq_grinder
D:5:      layout_loops_ring, st_stairs_3, uniq_blork_the_orc
D:6:      kennysheep_windowed_halls, layout_loops_ring,
          mainiacjoe_overflow_paths, gammafunk_ghost_necromancy,
          portal_sewer_entry_e, hangedman_decor_push
D:7:      layout_basic, nicolae_qazlal_style_of_elements,
          minmay_temple_entry_poolview, serial_shops, nicolae_stop_n_shop_2,
          shop_fountains, nicolae_shop_statue_plus, shop,
          nicolae_shop_temple_entry_statues_fountains, minivault_1
D:8:      layout_basic, minmay_lair_entry_grove
Temple:   nicolae_temple_bog_church

Skill      XL: |  1  2  3  4  5  6  7  8  9 10 |
---------------+-------------------------------+-----
Dodging        | 3 4 5 6 |  6.4
Throwing       | 2 |  2.6
Axes           | 4 5 8 11 14 15 | 15.3
Fighting       | 3 4 5 6 7 |  7.2
Stealth        | 1 2 3 |  3.3
Evocations     | |  0.3

Action                   |  1- 3 |  4- 6 |  7- 9 | 10-12 || total
-------------------------+-------+-------+-------+-------++-------
Melee: War axe           |    95 |    92 |    20 |       ||   207
       Tailslap          |    10 |     9 |    40 |     2 ||    61
       Punch             |       |     1 |       |       ||     1
       Executioner's axe |       |       |   302 |     8 ||   310
       Battleaxe         |       |       |       |    28 ||    28
Throw: Javelin           |     3 |     2 |     2 |     3 ||    10
       Throwing net      |       |     3 |       |       ||     3
       Dart              |       |     2 |     1 |       ||     3
Evoke: Wand              |       |     4 |       |       ||     4
  Use: Scroll            |       |     5 |    12 |     1 ||    18
       Potion            |       |     7 |     2 |       ||     9
 Stab: Sleeping          |     1 |     3 |     2 |       ||     6
       Invisible         |       |     1 |       |       ||     1
Armor: Skin              |    39 |    34 |   169 |    24 ||   266
Dodge: Dodged            |    74 |    68 |   325 |    36 ||   503
